 Dungeon Crawl Stone Soup version 0.31-a0-202-g547052bce9 (webtiles) character file.

Game seed: 4800418050733480653

695 qw the Skirmisher (level 7, -1/40 HPs)
             Began as a Deep Elf Hunter on June 26, 2023.
             Was an Initiate of Okawaru.
             Slain by an orc priest
             ... wielding a +0 flail
              (6 damage)
             ... on level 5 of the Dungeon.
             The game lasted 00:01:40 (3787 turns).

qw the Skirmisher (Deep Elf Hunter)                 Turns: 3787, Time: 00:01:40

Health: -1/40      AC: 12    Str: 10    XL:     7   Next: 37%
Magic:  9/10       EV: 12    Int: 14    God:    Okawaru [......]
Gold:   94         SH:  0    Dex: 18    Spells: 6/6 levels left

rFire   . . .        Y - +0 shortbow
rCold   . . .        (shield currently unavailable)
rNeg    . . .        n - +1 scale mail {Will+}
rPois   .            f - +0 helmet
rElec   .            i - +0 cloak
rCorr   +            e - +0 pair of gloves
SInv    .            (no boots)
Will    +....        (no amulet)
Stlth   ++           m - ring of resist corrosion
HPRegen 0.26/turn    (no ring)
MPRegen 0.12/turn

%: no passive effects
@: lethally poisoned (-1 -> -5), heroic
A: no striking features
a: Renounce Religion


You were on level 5 of the Dungeon.
You worshipped Okawaru.
Okawaru was noncommittal.
You visited 1 branch of the dungeon, and saw 5 of its levels.

You collected 282 gold pieces.
You spent 188 gold pieces at shops.


   Skills:
 - Level 2.0(7.0) Fighting
 - Level 11.0(16.0) Ranged Weapons
 - Level 1.7(6.7) Armour
 + Level 2.4(7.4) Dodging
 - Level 1.2(6.2) Stealth
 - Level 1.3 Invocations


You had 6 spell levels left.
You didn't know any spells.
Your spell library was empty.

Inventory:

Hand Weapons
 Y - a +0 shortbow (weapon)
Armour
 e - a +0 pair of gloves (worn)
 f - a +0 helmet (worn)
 i - a +0 cloak (worn)
 n - a +1 scale mail of willpower (worn)
Jewellery
 k - a ring of fire
 m - a ring of resist corrosion (left hand)
Scrolls
 a - a scroll of identify
 b - a scroll of noise {unknown}
Potions
 c - 2 potions of curing
 h - a potion of cancellation {unknown}
 j - a potion of resistance

Dungeon Overview and Level Annotations

Branches:
Dungeon (5/15)
 Temple: D:4-7

Altars:
Cheibriados
Dithmenos
Kikubaaqudgha
Okawaru
Sif Muna
Vehumet

Shops:
D:2 *[(   D:4 [

Annotations:
D:3 1 runed translucent door, Crazy Yiuf


Message History

You shoot an arrow. The arrow hits the scorpion.
The scorpion is lightly wounded.
The orc priest mumbles some strange prayers to Beogh against you.
Beogh smites you! The scorpion barely misses you.
3780 ||| DRINKING potion of heal wounds.
You feel much better. The scorpion stings you.
You are poisoned.
The scorpion poisons you!
You shoot an arrow.
The arrow hits the scorpion but does no damage.
The scorpion is lightly wounded.
You feel very sick. The scorpion stings you.
You are more poisoned.
The scorpion poisons you!
You shoot an arrow. The arrow barely misses the scorpion.
You feel very sick.
The orc priest hits you with a +0 flail.
The scorpion stings you but does no damage.
You shoot an arrow. The arrow closely misses the scorpion.
You feel very sick. The orc priest misses you.
The scorpion stings you but does no damage.
You shoot an arrow.
The arrow hits the scorpion but does no damage.
The scorpion is lightly wounded.
You feel sick. The scorpion stings you. The orc priest misses you.
You shoot an arrow. The arrow hits the scorpion.
The scorpion is heavily wounded.
You feel sick. The scorpion barely misses you.
The orc priest hits you but does no damage.
You shoot an arrow. The arrow barely misses the scorpion.
You feel sick. The scorpion closely misses you.
The orc priest barely misses you.
You shoot an arrow.
The arrow completely misses the scorpion.
You feel sick. The scorpion barely misses you.
The orc priest hits you with a +0 flail.
You die...

......# ##......#
##.......#
##.........
#..........
##...........
#......).....#
##...@s..<....#
#.....o.......#
#............#
..#............##
#.##............#
#..###...........
###..###......##.
..##..####%...#
....#..###.#..#


You could see a scorpion and an orc priest.

Vanquished Creatures
  An ogre (D:4)
  A phantom (D:5)
  A scorpion (D:5)
  An orc priest (D:5)
  A sleepcap (D:4)
  3 iguanas
  3 orc wizards (D:5)
  Natasha (thrice) (D:3)
  Terence (D:3)
  Robin (D:4)
  6 adders
  A gnoll (D:1)
  An ufetubus (D:5)
  3 worms
  A dart slug (D:2)
  6 orcs
  4 ball pythons
  6 bats
  6 endoplasms
  4 giant cockroaches
  12 goblins
  8 hobgoblins
  2 jackals (D:1)
  7 kobolds
  5 quokkas
  4 frilled lizards
  6 rats
98 creatures vanquished.

Notes
Turn   | Place    | Note
-------+----------+-------------------------------------------
     0 | D:1      | qw the Deep Elf Hunter began the quest for the Orb.
     0 | D:1      | Reached XP level 1. HP: 12/12 MP: 3/3
     0 | D:1      | 0 ||| qw: Version: 0.3-a-22-g0ed2b0b
     0 | D:1      | 0 ||| qw: Game counter: 5836
     0 | D:1      | 0 ||| qw: Melee chars always use a shield: true
     0 | D:1      | 0 ||| qw: God list: Okawaru
     0 | D:1      | 0 ||| qw: Allow faded altars: false
     0 | D:1      | 0 ||| qw: Do Orc after clearing Dungeon:15 true
     0 | D:1      | 0 ||| qw: Do second Lair branch before Depths: true
     0 | D:1      | 0 ||| qw: Lair rune preference: random
     0 | D:1      | 0 ||| qw: Goals: Normal
     0 | D:1      | 0 ||| PLANNING D:1-11
    87 | D:1      | Reached skill level 6 in Ranged Weapons
    87 | D:1      | Reached XP level 2. HP: 14/16 MP: 4/4
   863 | D:1      | Reached XP level 3. HP: 20/20 MP: 5/5
   978 | D:1      | 978 ||| UPGRADING to +0 cloak.
   983 | D:1      | 983 ||| UPGRADING to +0 ring mail.
   993 | D:1      | 993 ||| DROPPING +0 leather armour.
   994 | D:1      | 994 ||| UPGRADING to ring of resist corrosion.
   995 | D:1      | 995 ||| READING scroll labelled XOPIS FIUNGU.
   996 | D:1      | 996 ||| READING scroll labelled FUOLIY CIUQEULA.
   997 | D:1      | 997 ||| READING scroll labelled REVVOB HAGAA.
   998 | D:1      | 998 ||| READING scroll labelled ALAFIPE KOMEUNT.
   999 | D:1      | 999 ||| READING scroll labelled KOBLOCW YLIUPSA.
  1002 | D:1      | 1002 ||| DRINKING 2 cyan potions.
  1003 | D:1      | 1003 ||| DROPPING scroll of butterflies.
  1014 | D:2      | You fall into a shaft and drop 1 floor!
  1016 | D:3      | Identified the +3 chain mail of the Lonely Knives {Contam
                  | rCorr Str+5}
  1065 | D:3      | Found a faded altar of an unknown god.
  1245 | D:2      | Reached skill level 7 in Ranged Weapons
  1375 | D:2      | Found Goliv's General Store.
  1384 | D:2      | 1384 ||| SHOPLISTING potion of cancellation (112 gold, have
                  | 70).
  1384 | D:2      | 1384 ||| BUYING scroll of identify (28 gold).
  1384 | D:2      | Bought a scroll of identify for 28 gold pieces
  1409 | D:2      | Reached XP level 4. HP: 13/25 MP: 6/6
  1531 | D:2      | Found Cadoah's Weapon Shoppe.
  1593 | D:2      | Found Serchomau's Armour Emporium.
  1602 | D:2      | 1602 ||| SHOPLISTING +0 pair of gloves (54 gold, have 48).
  1602 | D:2      | 1602 ||| SHOPLISTING +2 scale mail of fire resistance (252
                  | gold, have 48).
  1935 | D:2      | 1935 ||| READING 4 scrolls of identify.
  1935 | D:2      | 1935 ||| IDENTIFYING glowing emerald potion
  1936 | D:2      | 1936 ||| READING 3 scrolls of identify.
  1936 | D:2      | 1936 ||| IDENTIFYING smoky amethyst potion
  1937 | D:2      | 1937 ||| DROPPING potion of berserk rage.
  1968 | D:3      | Noticed Natasha
  1979 | D:3      | Killed Natasha
  1980 | D:3      | Reached skill level 8 in Ranged Weapons
  2091 | D:3      | Noticed Natasha
  2097 | D:3      | Killed Natasha
  2098 | D:3      | Reached XP level 5. HP: 15/29 MP: 7/7
  2248 | D:3      | Found a shadowy altar of Dithmenos.
  2337 | D:3      | Noticed Natasha
  2342 | D:3      | Killed Natasha
  2445 | D:3      | Noticed Terence
  2453 | D:3      | Killed Terence
  2454 | D:3      | Reached skill level 9 in Ranged Weapons
  2524 | D:3      | Found a runed translucent door.
  2525 | D:3      | Noticed Crazy Yiuf
  2689 | D:3      | 2689 ||| READING scroll labelled IRHOJAGGEU.
  2690 | D:3      | 2690 ||| READING 2 scrolls of identify.
  2690 | D:3      | 2690 ||| IDENTIFYING bubbling yellow potion
  2691 | D:3      | 2691 ||| DROPPING potion of lignification.
  2724 | D:4      | 2724 ||| STAIRDANCE
  2831 | D:4      | Noticed Robin
  2833 | D:4      | Killed Robin
  2921 | D:4      | Found an iron altar of Okawaru.
  2924 | D:4      | 2924 ||| PLANNING OKAWARU WORSHIP
  2924 | D:4      | 2924 ||| UPGRADING to +0 helmet.
  2929 | D:4      | 2929 ||| DRINKING 2 fizzy purple potions.
  2930 | D:4      | 2930 ||| READING 2 scrolls of identify.
  2930 | D:4      | 2930 ||| IDENTIFYING viscous brown potion
  2931 | D:4      | 2931 ||| DROPPING potion of degeneration.
  2944 | D:4      | Became a worshipper of Warmaster Okawaru
  2945 | D:4      | 2945 ||| PLANNING D:1-11
  2996 | D:4      | Reached XP level 6. HP: 35/35 MP: 8/8
  3013 | D:4      | Reached skill level 1 in Armour
  3202 | D:4      | Found Jaitz's Armour Shoppe.
  3210 | D:4      | 3210 ||| BUYING +1 scale mail of willpower (160 gold).
  3210 | D:4      | Bought a +1 scale mail of willpower for 160 gold pieces
  3210 | D:4      | 3210 ||| SHOPLISTING +2 helmet (165 gold, have 78).
  3224 | D:4      | Found a radiant altar of Vehumet.
  3228 | D:4      | Found an ancient bone altar of Kikubaaqudgha.
  3262 | D:4      | Found a shimmering blue altar of Sif Muna.
  3345 | D:4      | 3345 ||| UPGRADING to +0 pair of gloves.
  3350 | D:4      | 3350 ||| UPGRADING to +1 scale mail of willpower.
  3360 | D:4      | 3360 ||| DROPPING +0 ring mail.
  3361 | D:4      | 3361 ||| DRINKING 3 orange potions.
  3362 | D:4      | 3362 ||| DROPPING 2 potions of attraction.
  3376 | D:5      | Entered Level 5 of the Dungeon
  3376 | D:5      | Found a snail-covered altar of Cheibriados.
  3384 | D:5      | HP: 8/35 [something (2)]
  3385 | D:5      | 3385 ||| READING scroll of teleportation.
  3386 | D:5      | 3386 ||| DRINKING 3 potions of heal wounds.
  3394 | D:5      | Reached * piety under Okawaru
  3395 | D:5      | Reached skill level 10 in Ranged Weapons
  3409 | D:5      | Reached XP level 7. HP: 36/40 MP: 9/9
  3414 | D:5      | Reached skill level 1 in Invocations
  3553 | D:5      | 3553 ||| INVOKING Heroism.
  3554 | D:5      | 3554 ||| INVOKING Heroism.
  3557 | D:5      | HP: 10/40 [poisoned by a scorpion]
  3558 | D:5      | 3558 ||| DRINKING 2 potions of heal wounds.
  3759 | D:5      | 3759 ||| INVOKING Heroism.
  3776 | D:5      | Reached skill level 11 in Ranged Weapons
  3776 | D:5      | 3776 ||| INVOKING Heroism.
  3777 | D:5      | 3777 ||| INVOKING Heroism.
  3779 | D:5      | HP: 2/40 [orc priest/divine providence (13)]
  3780 | D:5      | 3780 ||| DRINKING potion of heal wounds.
  3784 | D:5      | HP: 10/40 [poisoned by a scorpion]
  3787 | D:5      | Slain by an orc priest

Levels and vault maps discovered:
D:1:      elethiomel_arrival_quiet, layout_basic
D:2:      layout_loops_ring, serial_shops, shop, shop_statue,
          nicolae_shop_tiny_statue_garden
D:3:      layout_basic, nicolae_dithmenos_shadow_blocks, basic_ecumenical_altar,
          uniq_natasha, uniq_crazy_yiuf_cottage, uniq_terence
D:4:      layout_basic, grunt_temple_overflow_magic_moments,
          amcnicky_altar_gilded, serial_shops, nicolae_shop_stone,
          kennysheep_generic_room_12, uniq_robin
D:5:      layout_cave_pods, mainiacjoe_overflow_catwalk, fedhas_altar_2

Skill      XL: |  1  2  3  4  5  6  7 |
---------------+----------------------+-----
Ranged Weapons | 6 7 8 9 10 11 | 11.0
Fighting       | 2 |  2.0
Armour         | 1 |  1.7
Invocations    | 1 |  1.3
Dodging        | |  2.4
Stealth        | |  1.2

Action                     |  1- 3 |  4- 6 |  7- 9 || total
---------------------------+-------+-------+-------++-------
   Fire: Shortbow          |   119 |   222 |    59 ||   400
 Invoke: Heroism           |       |       |     3 ||     3
    Use: Scroll            |     5 |     6 |       ||    11
         Potion            |     1 |     3 |     2 ||     6
 Armour: Leather armour    |     8 |       |       ||     8
         Ring mail         |    15 |    20 |       ||    35
         Scale mail        |       |    33 |    22 ||    55
  Dodge: Dodged            |    46 |    47 |    28 ||   121

Table legend:
 A = Non-vault XP
 B = Vault XP
 C = Vault XP percentage of total XP
 D = Non-vault monster count
 E = Vault monster count
 F = Vault count percentage of total count
                 A         B        C        D         E       F
            +---------+---------+-------+---------+---------+-------
      Total |     893 |     100 |  10.1 |      84 |      14 |  14.3
            +---------+---------+-------+---------+---------+-------
        D:1 |      43 |       0 |   0.0 |      20 |       0 |   0.0
        D:2 |      93 |       0 |   0.0 |      26 |       0 |   0.0
        D:3 |     123 |      65 |  34.6 |      11 |       2 |  15.4
        D:4 |     250 |      35 |  12.3 |      18 |      12 |  40.0
        D:5 |     384 |       0 |   0.0 |       9 |       0 |   0.0
            +---------+---------+-------+---------+---------+-------
